AoeStats
← tavoo

Hideout

507824485Analyzed
1v1 RM · 14d ago on Sep 19, 2026· 54m 45s· 2 players
Game mode
Random Map
Map size
Tiny (2 player)
Population
200
Speed
Normal
Resources
Standard
Victory
Conquest
Starting age
Dark Age
Ending age
Imperial Age
RankedLock teamsTeams togetherTeam positionsShared explorationLock speedFull tech treeHidden civsTurbo modeCheats
Victory
Defeat
🇦🇷 Hindustanis · Argentina
1442
+15
🇲🇽 Malians · Mexico
1415
-15
tavoo
9:48 Feudal Age
10:58 Loom
18:27 Castle Age
17:24 Fletching
23:26 Double-Bit Axe
25:53 Squires
30:25 Forging
32:47 Bow Saw
32:47 Devotion
33:10 Scale Mail Armor
34:05 Iron Casting
37:13 Wheelbarrow
40:06 Imperial Age
38:03 Scale Mail Armor
38:11 Scale Barding Armor
39:28 Chain Barding Armor
40:22 Hand Cart
40:42 Bloodlines
40:21 Heavy Camel Rider
41:49 Town Watch
42:12 Husbandry
44:37 Plate Barding Armor
43:54 Gold Mining
49:51 Conscription
50:16 Scale Mail Armor
52:01 Farimba
52:53 Light Cavalry
LGN.Chelito_SM
6:08 Loom
6:25 Loom
9:03 Feudal Age
9:37 Double-Bit Axe
13:31 Fletching
13:31 Horse Collar
14:36 Town Watch
23:01 Castle Age
23:05 Bloodlines
23:54 Bow Saw
23:54 Heavy Plow
26:23 Wheelbarrow
27:40 Scale Barding Armor
28:56 Chain Barding Armor
29:49 Husbandry
29:57 Devotion
31:55 Forging
32:05 Bodkin Arrow
39:25 Imperial Age
37:09 Stone Mining
37:11 Gold Mining
38:29 Scale Mail Armor
39:22 Gold Shaft Mining
39:24 Stone Shaft Mining
39:18 Hand Cart
40:30 Bodkin Arrow
41:41 Two-Man Saw
41:36 Chain Mail Armor
42:30 Iron Casting
42:12 Heavy Camel Rider
46:17 Chemistry
50:46 Plate Barding Armor
53:32 Blast Furnace
52:00 Imperial Camel Rider
53:23 Siege Engineers
53:20 Bracer
54:26 Bracer
Connection lost

Rejoining the realm…

Still unreachable

The connection could not be restored.

Session expired

The server has moved on; the page needs a fresh start.